 Dungeon Crawl Stone Soup version 0.30-a0-509-gd016549fea (webtiles) character file.

Game seed: 11432790288204083010

209 IdlyInterested the Slasher (level 5, -1/41 HPs)
             Began as a Demonspawn Gladiator on Dec 22, 2022.
             Killed by nerve-wracking pain
             ... invoked by Grinder
              (5 damage)
             ... on level 3 of the Dungeon.
             The game lasted 00:06:31 (1718 turns).

IdlyInterested the Slasher (Demonspawn Gladiator)   Turns: 1718, Time: 00:06:32

Health: -1/41      AC: 11    Str: 19    XL:     5   Next: 55%
Magic:  2/5        EV:  8    Int:  9    God:
Gold:   128        SH:  0    Dex: 16    Spells: 4/4 levels left

rFire   + . .      SeeInvis +    g - +1 rapier "Edeiby" {vorpal, Str+4 SInv}
rCold   + . .      Faith    .    (no shield)
rNeg    . . .      Spirit   .    v - +0 chain mail
rPois   .          Reflect  .    c - +0 helmet
rElec   .          Harm     .    u - +0 cloak
rCorr   .          Rampage  .    k - +1 pair of gloves {infuse}
Will    .....                    t - +2 pair of boots "Uloco" {rF+}
Stlth   ..........               (no amulet)
HPRegen 0.26/turn                m - ring of protection from fire
MPRegen 0.18/turn                p - ring of ice

@: corroded, on berserk cooldown, slowed, very slow
A: claws 2, demonic guardian 1, magic regeneration
a: no special abilities


You were on level 3 of the Dungeon.
You visited 1 branch of the dungeon, and saw 3 of its levels.

You collected 128 gold pieces.

Inventory:

Hand Weapons
 a - a +0 long sword
 b - a +0 rapier
 g - the +1 rapier "Edeiby" (weapon) {vorpal, Str+4 SInv}
   (You acquired it on level 2 of the Dungeon)

   It inflicts extra damage upon your enemies.
   Str:       It affects your strength (+4).
   SInv:      It lets you see invisible.
 j - a +0 dagger
 o - a +0 short sword
 s - a +0 falchion
Missiles
 d - 2 throwing nets (quivered)
 e - a javelin
 l - 27 stones
Armour
 c - a +0 helmet (worn)
 k - a +1 pair of gloves of infusion (worn)
 n - a +2 pair of gloves
 t - the +2 pair of boots "Uloco" (worn) {rF+}
   (You found it on level 2 of the Dungeon)

   rF:        It protects you from fire.
 u - a +0 cloak (worn)
 v - a +0 chain mail (worn)
Jewellery
 m - a ring of protection from fire (left hand)
 p - a ring of ice (right hand)
 w - a ring of ice
Scrolls
 f - 3 scrolls of teleportation
 r - a scroll of fog
 x - a scroll of identify
Potions
 h - 2 potions of curing
 i - a potion of might


   Skills:
 - Level 3.0 Fighting
 * Level 5.1 Long Blades
 - Level 1.7 Throwing
 - Level 3.0 Dodging
 * Level 0.5 Stealth


You had 4 spell levels left.
You didn't know any spells.
Your spell library was empty.

Dungeon Overview and Level Annotations

Branches:
Dungeon (3/15)

Altars:
Nemelex Xobeh
Qazlal

Annotations:
D:3 Grinder


Innate Abilities, Weirdness & Mutations

You have very sharp fingernails.
A weak demonic guardian rushes to your aid.
You regenerate magic rapidly.


Message History

Grinder zaps a wand.
The bolt of dispelling energy hits you.
You puncture the rat!
You kill the rat!
You see here a quokka corpse.
Grinder blinks!
Grinder zaps a wand.
The bolt of dispelling energy hits you.
A jelly comes into view.
The jelly quivers.
Grinder zaps a wand.
The bolt of dispelling energy hits you! Grinder gestures at you.
You barely resist. Grinder hits you.
You writhe in agony.
A red film seems to cover your vision as you go berserk!
You feel yourself moving faster!
You feel mighty! Grinder hits you but does no damage.
The jelly barely misses you.
You closely miss Grinder.
Grinder blinks!
The jelly completely misses you.
You puncture the jelly! The acid corrodes you!
Your hands burn!
* * * LOW HITPOINT WARNING * * *
The jelly is almost dead.
You puncture the jelly!
You kill the jelly!
Grinder gestures at you. Pain shoots through your body!
* * * LOW HITPOINT WARNING * * *
Your Long Blades skill increases to level 5!
Grinder gestures at you.
You barely resist.
You feel a strong urge to attack something.
You are no longer berserk.
You are exhausted.
You feel yourself slow down.
You hit Grinder.
Grinder is lightly wounded.
Grinder zaps a wand.
The bolt of dispelling energy hits you.
Your magical effects are unravelling.
* * * LOW HITPOINT WARNING * * *
A demonic guardian appears!
Grinder gestures at you. Pain shoots through your body!
You die...

##.#<..............#..
#..#.....#.....##..#..
#........#.....##..#<.
#.......##.....##..##.
#.......##.....##.....
#..............##.###.
##.....##......# ## ##
###.....†.......# #
#..#.....@55########
#...........#
#.#........##
#..........#
#........#.#
#..........#
#........#..
#........#.##
#........# #


You could see Grinder (ally target) and a friendly iron imp (summoned).

Vanquished Creatures
  A jelly (D:3)
  Crazy Yiuf (D:2)
  Terence (D:2)
  Natasha (twice) (D:3)
  2 adders
  2 worms (D:2)
  4 dart slugs
  7 endoplasms
  A giant cockroach (D:3)
  3 goblins
  5 hobgoblins
  3 quokkas
  4 ball pythons
  A frilled lizard (D:3)
  3 kobolds (D:1)
  7 rats
47 creatures vanquished.

Vanquished Creatures (others)
  2 plants
2 creatures vanquished.

Grand Total: 49 creatures vanquished

Notes
Turn   | Place    | Note
-------+----------+-------------------------------------------
     0 | D:1      | IdlyInterested the Demonspawn Gladiator began the quest for
                  | the Orb.
     0 | D:1      | Reached XP level 1. HP: 16/16 MP: 1/1
   199 | D:1      | Reached skill level 3 in Long Blades
   199 | D:1      | Gained mutation: A weak demonic guardian rushes to your
                  | aid. [demonic ancestry]
   199 | D:1      | Reached XP level 2. HP: 21/22 MP: 0/2
   412 | D:1      | Found a faded altar of an unknown god.
   692 | D:2      | Identified a scroll of acquirement
   692 | D:2      | Acquired the +1 rapier "Edeiby" {vorpal, Str+4 SInv}
   699 | D:2      | Gained mutation: You regenerate magic rapidly. [demonic
                  | ancestry]
   699 | D:2      | Reached XP level 3. HP: 27/27 MP: 3/3
  1084 | D:2      | Identified the +2 pair of boots "Uloco" {rF+}
  1097 | D:2      | Found a runed translucent door.
  1098 | D:2      | Noticed Crazy Yiuf
  1107 | D:2      | Killed Crazy Yiuf
  1108 | D:2      | Reached skill level 4 in Long Blades
  1108 | D:2      | Gained mutation: You have sharp fingernails. [demonic
                  | ancestry]
  1108 | D:2      | Reached XP level 4. HP: 34/34 MP: 1/4
  1140 | D:2      | Found a sparkling altar of Nemelex Xobeh.
  1312 | D:2      | Noticed Terence
  1319 | D:2      | Killed Terence
  1541 | D:3      | Noticed Natasha
  1549 | D:3      | Killed Natasha
  1566 | D:3      | Noticed Natasha
  1570 | D:3      | Gained mutation: You have very sharp fingernails. [demonic
                  | ancestry]
  1570 | D:3      | Reached XP level 5. HP: 40/40 MP: 2/5
  1574 | D:3      | Killed Natasha
  1666 | D:3      | Found a stormy altar of Qazlal.
  1700 | D:3      | Noticed Grinder
  1715 | D:3      | Reached skill level 5 in Long Blades
  1718 | D:3      | Killed from afar by Grinder

Illustrated notes

Levels and vault maps discovered:
D:1:      scummos_arrival_gate, layout_rooms, serial_forest,
          infiniplex_forest_clump_curved, infiniplex_forest_lined_room_2,
          infiniplex_forest_straight_5, infiniplex_forest_lined_4_way,
          infiniplex_forest_end_3, infiniplex_forest_lined_room_3,
          hellmonk_ecumenical_altar_run_dry
D:2:      cheibrodos_old_hovel, layout_basic, basic_altar, minivault_5,
          minmay_cut_off, uniq_terence, uniq_crazy_yiuf_cottage
D:3:      layout_basic, grunt_temple_overflow_bloody_war,
          nicolae_gozag_cash_rules_everything_around_me,
          mainiacjoe_overflow_paths, yredelemnul_altar_generic,
          fedhas_ov_isle_minmay, grunt_temple_overflow_open, uniq_grinder,
          uniq_natasha

Skill      XL: |  1  2  3  4  5 |
---------------+----------------+-----
Long Blades    | 3 4 5 |  5.1
Dodging        | 3 |  3.0
Fighting       | 3 |  3.0
Throwing       | |  1.7
Stealth        | |  0.5

Action                   |  1- 3 |  4- 6 || total
-------------------------+-------+-------++-------
Melee: Long sword        |    39 |       ||    39
       Rapier            |    35 |    38 ||    73
Throw: Throwing net      |     1 |       ||     1
  Use: Scroll            |     5 |     2 ||     7
       Potion            |       |     1 ||     1
 Stab: Held in net/web   |     1 |       ||     1
Armor: Leather armour    |     8 |       ||     8
       Ring mail         |    19 |       ||    19
       Chain mail        |       |    16 ||    16
Dodge: Dodged            |    40 |    11 ||    51

Table legend: (Time is in decaauts)
 A = Elapsed time spent in this place.
 B = Non-inter-level travel time spent in this place.
 C = Inter-level travel time spent in this place.
 D = Time resting spent in this place.
 E = Time spent auto-exploring this place.
 F = Levels seen in this place.
 G = Mean time per level.
                   A        B        C        D        E       F      G
               +--------+--------+--------+--------+--------+-----+--------+
         Total |   1727 |   1525 |    202 |      0 |   1030 |   3 |  575.7 |
       Dungeon |   1727 |   1525 |    202 |      0 |   1030 |   3 |  575.7 |
               +--------+--------+--------+--------+--------+-----+--------+

Top non-repeatable levels by time:
     D:2: 897 daAuts
     D:1: 714 daAuts
     D:3: 115 daAuts
